 Dungeon Crawl Stone Soup version 0.22.1-5-g62c59d919a (webtiles) character file.

23139 Jerry the Basher (level 12, -4/98 (100) HPs)
             Began as a Demonspawn Fighter on Jan 10, 2019.
             Slain by an elephant (13 damage)
             ... on level 3 of the Lair of Beasts on Jan 11, 2019.
             The game lasted 00:50:17 (19500 turns).

Jerry the Basher (Demonspawn Fighter)              Turns: 19500, Time: 00:50:17

HP:   -4/98 (100)   AC: 21    Str: 23    XL:     12   Next: 69%
MP:   0/12          EV: 11    Int: 14    God:
Gold: 570           SH:  5    Dex: 14    Spells: 11/11 levels left

rFire    . . .     SeeInvis .   E - +1 whip (freeze)
rCold    . . .     Gourm    .   G - +0 buckler
rNeg     . . .     Faith    .   H - +7 ring mail "Xirgh" {Str+4 Int+3}
rPois    +         Spirit   +   (no helmet)
rElec    .         Reflect  .   K - +0 cloak
rCorr    .         Harm     .   e - +2 pair of gloves
MR       +....                  (no boots)
Stlth    +.........             Q - amulet of rage
HPRegen  0.26/turn              O - ring of poison resistance
MPRegen  0.26/turn              u - ring of protection from magic

@: no status effects
A: molten scales 1, magic shield, magic regeneration
a: Evoke Berserk Rage


You were on level 3 of the Lair of Beasts.
You were not hungry.

You visited 2 branches of the dungeon, and saw 15 of its levels.

You collected 845 gold pieces.
You spent 275 gold pieces at shops.

Inventory:

Hand Weapons
 a - a +1 flail
 z - a +2 mace of protection
 E - a +1 whip of freezing (weapon)
Armour
 e - a +2 pair of gloves (worn)
 G - a +0 buckler (worn)
 H - the +7 ring mail "Xirgh" (worn) {Str+4 Int+3}
   (You found it on level 7 of the Dungeon)

   It affects your strength (+4).
   It affects your intelligence (+3).
 K - a +0 cloak (worn)
Jewellery
 b - an uncursed ring of magical power
 h - an uncursed ring of positive energy
 p - a +2 amulet of reflection
 s - an uncursed ring of resist corrosion
 u - a ring of protection from magic (right hand)
 O - a ring of poison resistance (left hand)
 Q - an amulet of rage (around neck)
Wands
 d - a wand of polymorph (2)
 l - a wand of acid (2)
 m - a wand of enslavement (10)
 v - a wand of flame (60)
 F - a wand of digging (13)
 M - a wand of random effects (28)
Scrolls
 g - 2 scrolls of enchant armour
 i - 6 scrolls of enchant weapon
 o - 8 scrolls of teleportation
 q - 2 scrolls of fear {unknown}
 x - a scroll of magic mapping {unknown}
 y - 9 scrolls of remove curse {unknown}
 A - 2 scrolls of immolation {unknown}
 C - 9 scrolls of identify
 I - a scroll of blinking {unknown}
 S - a scroll of silence {unknown}
 T - a scroll of amnesia {unknown}
Potions
 c - a potion of heal wounds
 j - 3 potions of magic
 k - 2 potions of cancellation {unknown}
 n - 3 potions of flight
 r - a potion of berserk rage {unknown}
 t - 5 potions of brilliance
 w - 2 potions of lignification {unknown}
 B - 3 potions of agility {unknown}
 D - 6 potions of curing
 J - a potion of might
 L - a potion of haste
 N - 3 potions of ambrosia {unknown}
 P - a potion of mutation {unknown}
Comestibles
 f - 21 rations
 R - 4 chunks of flesh


   Skills:
 + Level 11.0 Fighting
 * Level 13.5 Maces & Flails
 + Level 10.1 Armour
 + Level 1.4 Dodging
 - Level 4.1 Shields


You had 11 spell levels left.
You didn't know any spells.
Your spell library contained the following spells:

 Spells                   Type           Power        Failure   Level  Hunger
 Animate Skeleton         Necr           N/A          38%         1    ##.....
 Apportation              Tloc           #.....       38%         1    ##.....
 Confusing Touch          Hex            #.....       38%         1    ##.....
 Magic Dart               Conj           #...         38%         1    ##.....
 Sting                    Conj/Pois      #...         38%         1    ##.....
 Summon Small Mammal      Summ           #...         38%         1    ##.....
 Blink                    Tloc           N/A          54%         2    ###....
 Call Imp                 Summ           #.......     54%         2    ###....
 Poisonous Vapours        Pois/Air       #.....       54%         2    ###....
 Slow                     Hex            #.......     54%         2    ###....
 Conjure Flame            Conj/Fire      #.......     77%         3    ####...
 Mephitic Cloud           Conj/Pois/Air  #.......     77%         3    ####...
 Olgreb's Toxic Radiance  Pois           #.......     99%         4    #####..
 Venom Bolt               Conj/Pois      #.........   100%        5    ######.
 Freezing Cloud           Conj/Ice/Air   #.........   100%        6    #######
 Ring of Flames           Chrm/Fire      #.........   100%        7    #######


Dungeon Overview and Level Annotations

Branches:
Dungeon (11/15)              Lair (4/6) D:9           Swamp (0/4) Lair:4
  Snake (0/4) Lair:4          Orc (0/2) D:10
 Temple: D:4-7

Altars:
Nemelex Xobeh
Okawaru
Trog
Xom

Shops:
D:7 *   D:8 !   D:10 !

Annotations:
D:3 1 runed door, rumpelstilzz's ghost, amateur TrWz
D:10 1 runed door, Elizilla's ghost, journeyman FoFi


Innate Abilities, Weirdness & Mutations

You are partially covered in molten scales. (AC +2)
When hurt, damage is shared between your health and your magic reserves.
You regenerate magic rapidly.


Message History

The elephant tramples you but does no damage.
The elephant closely misses you.
You hit the elephant but do no damage.
The elephant is severely wounded.
You hit the elephant but do no damage.
The elephant is severely wounded.
The elephant barely misses you.
The elephant trunk-slaps you but does no damage.
You hit the elephant but do no damage.
The elephant is severely wounded.
You hit the elephant but do no damage.
The elephant is severely wounded.
The elephant misses you. The elephant trunk-slaps you.
* * * LOW HITPOINT WARNING * * *
You barely miss the elephant.
The elephant is severely wounded.
You hit the elephant but do no damage.
The elephant is severely wounded.
The elephant tramples you!
You die...

≈#≈## ≈≈≈≈# ≈≈≈## ≈♣♣# .P# ..#
.## ##### ######## #######
#####.#.#######P##P..#####..##.#
................@†.............#
.................Y.#..##.......#
........#.P#......######......##
........#..........# #......##
...................# ##.....P#
.........#........### ##....>##
..................#.####......#
#.....######P.................#
#....## ##.................##


You could see an elephant.

Vanquished Creatures
  3 hydras
  Erica (D:9)
  2 two-headed ogres (D:8)
  2 death yaks
  Pikel (D:8)
  3 elephants
  2 black mambas
  3 spiny frogs
  2 komodo dragons
  Grinder (D:6)
  A troll (D:10)
  13 blink frogs
  A hippogriff (D:10)
  Sigmund (D:4)
  3 wyverns
  23 yaks
  A basilisk (Lair:2)
  A steam dragon (D:9)
  7 water moccasins
  7 porcupines
  A phantom (D:4)
  2 sky beasts
  3 orc warriors
  4 ice beasts
  An eye of draining (D:10)
  A black bear (D:7)
  7 necrophages
  5 ogres
  3 wolves (Lair:2)
  6 centaurs
  2 crocodiles
  A big kobold (D:10)
  8 bullfrogs
  A gnoll sergeant (D:7)
  4 scorpions
  An electric eel (Lair:3)
  4 wights (D:10)
  3 howler monkeys
  5 crimson imps
  A bullfrog zombie (D:9)
  4 hounds
  3 centaur skeletons
  9 orc priests
  A jelly (D:7)
  2 bullfrog skeletons
  7 iguanas
  5 orc wizards
  5 hell rats (Lair:2)
  6 worker ants
  A hound skeleton (D:4)
  A worker ant zombie (D:5)
  A howler monkey skeleton (D:5)
  16 adders
  11 gnolls
  2 shadow imps
  2 oozes
  An adder zombie (D:6)
  A worm (D:6)
  3 dart slugs
  5 leopard geckos
  32 orcs
  2 ball pythons
  5 bats
  3 giant cockroaches
  7 goblins
  A hobgoblin (D:3)
  6 jackals
  11 kobolds
  5 quokkas
  A ball python skeleton (D:5)
  4 frilled lizards
  A jackal skeleton (D:4)
  A leopard gecko skeleton (D:4)
  A quokka skeleton (D:6)
  6 rats
313 creatures vanquished.

Vanquished Creatures (others)
  2 slaves (D:8)
  5 fungi
  3 plants
10 creatures vanquished.

Grand Total: 323 creatures vanquished

Notes
Turn   | Place    | Note
-------+----------+-------------------------------------------
     0 | D:1      | Jerry the Demonspawn Fighter began the quest for the Orb.
     0 | D:1      | Reached XP level 1. HP: 18/18 MP: 1/1
    91 | D:1      | Reached skill level 2 in Maces & Flails
   188 | D:1      | Gained mutation: When hurt, damage is shared between your
                  | health and your magic reserves. [demonic ancestry]
   188 | D:1      | Reached XP level 2. HP: 15/24 MP: 2/2
  1011 | D:2      | Reached XP level 3. HP: 29/29 MP: 3/3
  1650 | D:3      | Reached skill level 3 in Maces & Flails
  1852 | D:3      | Reached XP level 4. HP: 35/35 MP: 4/4
  1906 | D:3      | Found a runed door.
  1906 | D:3      | Noticed rumpelstilzz's ghost (amateur TrWz)
  2610 | D:4      | Found an iron altar of Okawaru.
  2705 | D:4      | Noticed an ogre
  2714 | D:4      | Killed an ogre
  2714 | D:4      | Reached skill level 4 in Maces & Flails
  2714 | D:4      | Reached XP level 5. HP: 31/42 MP: 3/5
  2804 | D:4      | Found a bloodstained altar of Trog.
  2923 | D:4      | Gained mutation: You are partially covered in molten
                  | scales. (AC +2) [demonic ancestry]
  2923 | D:4      | Reached XP level 6. HP: 48/48 MP: 6/6
  3090 | D:4      | Noticed Sigmund
  3304 | D:4      | Killed Sigmund
  3304 | D:4      | Reached skill level 5 in Maces & Flails
  3304 | D:4      | Reached XP level 7. HP: 53/55 MP: 7/7
  3908 | D:5      | Entered Level 5 of the Dungeon
  3932 | D:5      | Reached skill level 5 in Fighting
  4443 | D:5      | Reached skill level 6 in Maces & Flails
  4705 | D:5      | Reached XP level 8. HP: 47/63 MP: 6/8
  4881 | D:5      | Reached skill level 5 in Armour
  5453 | D:5      | Reached skill level 7 in Maces & Flails
  7415 | D:6      | Found a sparkling altar of Nemelex Xobeh.
  7521 | D:6      | You fall through a shaft!
  7532 | D:7      | Reached XP level 9. HP: 53/71 MP: 6/9
  7666 | D:7      | Reached skill level 8 in Maces & Flails
  8803 | D:7      | Got a polished ring mail
  8804 | D:7      | Identified the +7 ring mail "Xirgh" {Str+4 Int+3} (You
                  | found it on level 7 of the Dungeon)
  9086 | D:7      | Found Niutz's General Store.
  9099 | D:7      | Bought 2 potions of haste for 220 gold pieces
  9099 | D:7      | Bought a potion of heal wounds for 55 gold pieces
  9157 | D:8      | Noticed a two-headed ogre
  9182 | D:8      | Killed a two-headed ogre
  9182 | D:8      | Reached skill level 9 in Maces & Flails
  9722 | D:8      | Noticed Pikel
  9738 | D:8      | Killed Pikel
  9738 | D:8      | Reached XP level 10. HP: 74/80 MP: 10/10
  9859 | D:8      | Found Woupeipn's Distillery.
 10109 | D:8      | Noticed a two-headed ogre
 10126 | D:8      | Killed a two-headed ogre
 10454 | D:6      | Noticed Grinder
 10470 | D:6      | Killed Grinder
 10686 | D:9      | Noticed Erica
 10753 | D:9      | Killed Erica
 10753 | D:9      | Reached skill level 10 in Maces & Flails
 11121 | D:9      | Found a staircase to the Lair.
 11122 | D:9      | Noticed a death yak
 11167 | D:9      | Noticed a death yak
 11167 | D:9      | Noticed a death yak
 11171 | D:9      | Noticed a death yak
 11240 | D:8      | HP: 2/81 [death yak (16)]
 11243 | D:8      | Killed a death yak
 11791 | D:9      | Killed a death yak
 12296 | D:10     | Entered Level 10 of the Dungeon
 12440 | D:10     | Reached XP level 11. HP: 75/87 MP: 11/11
 12629 | D:10     | Reached skill level 11 in Maces & Flails
 12684 | D:10     | Found Xiuj's Distillery.
 12690 | D:10     | Found a runed door.
 12691 | D:10     | Found a shimmering altar of Xom.
 12691 | D:10     | Noticed Elizilla's ghost (journeyman FoFi)
 12691 | D:10     | Noticed a dire flail of chaos
 13199 | D:10     | Found a staircase to the Orcish Mines.
 13858 | Lair:1   | Entered Level 1 of the Lair of Beasts
 14340 | Lair:1   | Noticed a five-headed hydra
 14351 | Lair:1   | Killed a five-headed hydra
 15385 | Lair:2   | Reached skill level 12 in Maces & Flails
 15603 | Lair:2   | Reached skill level 10 in Fighting
 16072 | Lair:2   | Noticed a four-headed hydra
 16085 | Lair:2   | Killed a four-headed hydra
 16721 | Lair:3   | Gained mutation: You regenerate magic rapidly. [demonic
                  | ancestry]
 16721 | Lair:3   | Reached XP level 12. HP: 78/97 MP: 12/12
 17786 | Lair:3   | Noticed an eight-headed hydra
 17798 | Lair:3   | Killed an eight-headed hydra
 18198 | Lair:3   | Reached skill level 13 in Maces & Flails
 18863 | Lair:4   | Found a staircase to the Snake Pit.
 18943 | Lair:3   | Reached skill level 10 in Armour
 19370 | Lair:4   | Reached skill level 1 in Dodging
 19371 | Lair:4   | Found a staircase to the Swamp.
 19500 | Lair:3   | Slain by an elephant

Skill      XL: |  1  2  3  4  5  6  7  8  9 10 11 12 |
---------------+-------------------------------------+-----
Maces & Flails | 2 3 4 5 6 7 9 10 12 13 | 13.5
Armour         | 3 4 5 7 8 9 10 | 10.1
Fighting       | 4 5 6 7 8 10 11 | 11.0
Shields        | 3 4 |  4.1
Dodging        | 1 |  1.4

Action                   |  1- 3 |  4- 6 |  7- 9 | 10-12 || total
-------------------------+-------+-------+-------+-------++-------
Melee: Flail             |   103 |   139 |   483 |       ||   725
       Unarmed           |       |     5 |       |       ||     5
       Mace              |       |       |    69 |       ||    69
       Whip              |       |       |       |  1515 ||  1515
Evoke: Wand              |       |       |       |     8 ||     8
  Use: Scroll            |     6 |       |     4 |     4 ||    14
       Potion            |       |     1 |     2 |     3 ||     6
  Eat: Chunk             |     3 |     4 |    18 |    25 ||    50
       Ration            |       |       |     1 |     2 ||     3
Armor: Scale mail        |    57 |    81 |    87 |       ||   225
       Ring mail         |       |       |   154 |   430 ||   584
Dodge: Dodged            |    49 |    74 |   234 |   330 ||   687
Block: Other             |       |    17 |    37 |     7 ||    61
       Buckler           |       |       |       |   161 ||   161
       Reflection        |       |       |       |     4 ||     4
